 Dungeon Crawl Stone Soup version 0.23-a0-586-gacb4b3f (webtiles) character file.

63 theanonym the Cudgeler (level 3, -11/24 HPs)
             Began as a Mummy Warper on Dec 19, 2018.
             Was a Follower of Hepliaklqana.
             Mangled by a goblin
             ... wielding a +1 dagger of electrocution
              (14 damage)
             ... on level 2 of the Dungeon.
             The game lasted 00:01:16 (1009 turns).

theanonym the Cudgeler (Mummy Warper)               Turns: 1009, Time: 00:01:17

Health: -11/24     AC:  8    Str: 15    XL:     3   Next: 87%
Magic:  7/7        EV:  6    Int: 12    God:    Hepliaklqana [*.....]
Gold:   40         SH:  0    Dex: 11    Spells: 7/7 levels left

rFire    x . .     SeeInvis .   a - +0 mace
rCold    + . .     Gourm    .   (no shield)
rNeg     + + +     Faith    .   i - +0 chain mail
rPois    ∞         Spirit   .   (no helmet)
rElec    .         Reflect  .   (no cloak)
rCorr    .         Harm     .   (no gloves)
MR       .....                  (no boots)
Stlth    ..........             (no amulet)
HPRegen  0.08/turn              (no ring)
MPRegen  0.10/turn              (no ring)

@: no status effects
A: no food or potions, fire vulnerability, reduced essence, cold resistance 1,
negative energy resistance 3, torment resistance, unbreathing
a: Recall Ancestor, Ancestor Identity, Renounce Religion


Innate Abilities, Weirdness & Mutations

You do not eat or drink.
Your flesh is vulnerable to fire.
You are immune to poison.
Your flesh is cold resistant. (rC+)
You are immune to negative energy. (rN+++)
You are immune to unholy pain and torment.
You can survive without breathing.
Your life essence is reduced to manifest your ancestor. (-10% HP)


   Skills:
 - Level 2.0 Fighting
 + Level 3.5 Maces & Flails
 - Level 0.7 Throwing
 - Level 0.7 Armour
 - Level 1.5 Dodging
 - Level 2.6 Spellcasting
   Level 2.4 Translocations


You had 7 spell levels left.
You didn't know any spells.
Your spell library contained the following spells:

 Spells                   Type           Power        Failure   Level  Hunger
 Blink                    Tloc           N/A          98%         2    N/A
 Shroud of Golubria       Chrm/Tloc      #.........   99%         2    N/A
 Gell's Gravitas          Tloc           #.........   100%        3    N/A
 Lesser Beckoning         Tloc           #.........   100%        3    N/A
 Teleport Other           Tloc           #.......     100%        3    N/A
 Passage of Golubria      Tloc           N/A          100%        4    N/A

Skill      XL: |  1  2  3 |
---------------+----------+-----
Maces & Flails | 2 3 |  3.5
Fighting       | |  2.0
Throwing       | |  0.7
Armour         | |  0.7
Dodging        | |  1.5
Spellcasting   | |  2.6
Translocations | |  2.4

Action                   || total
-------------------------++-------
Melee: Mace              ||    91
Throw: Tomahawk          ||     2
Armor: Ring mail         ||    10
       Chain mail        ||    62
Dodge: Dodged            ||    58

Inventory:

Hand Weapons
 a - a +0 mace (weapon)
Missiles
 e - 3 tomahawks of dispersal (quivered)
Armour
 b - a +0 leather armour
 d - a +1 ring mail of fire resistance
   (You found it on level 1 of the Dungeon)
 i - a +0 chain mail (worn)
   (You found it on level 1 of the Dungeon)
Jewellery
 h - an uncursed amulet of the acrobat {unknown}
   (You found it on level 1 of the Dungeon)
Scrolls
 c - 2 scrolls of identify {unknown}
 f - a scroll of enchant armour {unknown}
 g - a scroll of remove curse {unknown}
 j - a scroll of random uselessness {unknown}
 B - a scroll of blinking


You were on level 2 of the Dungeon.
You worshipped Hepliaklqana.
Hepliaklqana was aware of your devotion.
You were not hungry.

You visited 1 branch of the dungeon, and saw 2 of its levels.

You collected 40 gold pieces.

Dungeon Overview and Level Annotations

Branches:
Dungeon (2/15)

Altars:
Hepliaklqana

#.......................
#...........#..#........
##..!.................>.
##........###.#........
#####.#.............#.
#.######........#. #)#
##..#...##. #g#
##.#.#.... #@##
#........ #..#
#.......#. ##.#
#....##.#. #.#
#.##....#( #.# #.
##..... #.######.#
##.... ####........#
#.... ##.....######
####. #.......## ##


You could see a goblin.

Notes
Turn   | Place    | Note
-------+----------+-------------------------------------------
     0 | D:1      | theanonym the Mummy Warper began the quest for the Orb.
     0 | D:1      | Reached XP level 1. HP: 16/16 MP: 4/4
   281 | D:1      | Reached skill level 2 in Maces & Flails
   301 | D:1      | Reached XP level 2. HP: 22/22 MP: 5/5
   777 | D:2      | Reached XP level 3. HP: 22/27 MP: 7/7
   834 | D:2      | Reached skill level 3 in Maces & Flails
   931 | D:2      | Found a faded altar of an unknown god.
   956 | D:2      | HP: 7/27 [goblin/+1 dagger of electrocution (8)]
   971 | D:2      | HP: 7/27 [adder (1)]
   976 | D:2      | Became a worshipper of Hepliaklqana the Forgotten
   976 | D:2      | Reached * piety under Hepliaklqana
   986 | D:2      | HP: 7/24 [adder (1)]
   996 | D:2      | HP: 5/24 [adder (2)]
  1009 | D:2      | HP: 3/24 [goblin/+1 dagger of electrocution (1)]
  1009 | D:2      | Mangled by a goblin

Vanquished Creatures
  3 adders (D:2)
  A worm (D:2)
  5 giant cockroaches
  5 goblins
  6 hobgoblins
  A ball python (D:1)
  4 bats (D:2)
  5 frilled lizards
  A kobold (D:2)
  2 rats (D:2)
33 creatures vanquished.

Vanquished Creatures (others)
  An ancestor (D:2)
1 creature vanquished.

Grand Total: 34 creatures vanquished

Table legend:
 A = Turns spent in this place as a percentage of turns spent in the entire game.
 B = Non-inter-level travel turns spent in this place as a percentage of non-inter-level travel turns spent in the entire game.
 C = Inter-level travel turns spent in this place as a percentage of turns spent in this place.
 D = Turns resting spent in this place as a percentage of non-inter-level travel turns spent in this place.
 E = Turns spent auto-exploring this place as a percentage of non-inter-level travel turns spent in this place.
 F = Non-inter-level travel turns spent in this place divided by the number of levels of this place that you've seen.
                   A       B       C       D       E      F
               +-------+-------+-------+-------+-------+----------------------
         Total | 100.0 | 100.0 |  10.9 |   8.1 |  66.0 | 449.5
       Dungeon | 100.0 | 100.0 |  10.9 |   8.1 |  66.0 | 449.5
               +-------+-------+-------+-------+-------+----------------------
